 Dungeon Crawl Stone Soup version 0.30-a0-422-g946f4849ff (webtiles) character file.

Game seed: 15574514084717634429

583 pokeman the Magician (level 7, 0/38 HPs)
             Began as a Deep Elf Hedge Wizard on Dec 8, 2022.
             Slain by a bullfrog zombie (5 damage)
             ... in an ossuary.
             The game lasted 00:09:15 (5370 turns).

pokeman the Magician (Deep Elf Hedge Wizard)        Turns: 5370, Time: 00:09:16

Health: 0/38       AC:  5    Str:  7    XL:     7   Next: 14%
Magic:  13/18      EV: 13    Int: 21    God:
Gold:   231        SH:  0    Dex: 14    Spells: 11/19 levels left

rFire   . . .      SeeInvis .    A - +0 hand axe (flame)
rCold   . . .      Faith    .    (no shield)
rNeg    . . .      Spirit   .    b - +0 robe
rPois   .          Reflect  .    c - +0 hat
rElec   .          Harm     .    s - +0 cloak
rCorr   .          Rampage  .    i - +0 pair of gloves
Will    .....                    a - +0 pair of boots
Stlth   ++........               (no amulet)
HPRegen 0.26/turn                q - ring of wizardry
MPRegen 0.16/turn                (no ring)

@: no status effects
A: no striking features
a: no special abilities


You were in an ossuary.
You visited 1 branch of the dungeon, and saw 5 of its levels.
You also visited: Ossuary.

You collected 231 gold pieces.

Inventory:

Hand Weapons
 A - a +0 hand axe of flaming (weapon)
Missiles
 j - 2 throwing nets
Armour
 a - a +0 pair of boots (worn)
 b - a +0 robe (worn)
 c - a +0 hat (worn)
 i - a +0 pair of gloves (worn)
 s - a +0 cloak (worn)
Jewellery
 q - a ring of wizardry (left hand)
Wands
 t - a wand of flame (5)
 w - a wand of iceblast (3)
 y - a wand of light (7)
Scrolls
 e - 3 scrolls of teleportation {unknown}
 g - 2 scrolls of poison {unknown}
 h - 3 scrolls of enchant armour {unknown}
 k - a scroll of magic mapping {unknown}
 m - 2 scrolls of identify {unknown}
 o - a scroll of noise {unknown}
 p - 2 scrolls of enchant weapon {unknown}
 u - a scroll of vulnerability {unknown}
 x - 2 scrolls of immolation {unknown}
Potions
 d - a potion of magic
 f - a potion of brilliance {unknown}
 l - a potion of heal wounds {unknown}
 n - a potion of might {unknown}
 r - a potion of ambrosia {unknown}
 v - a potion of haste {unknown}
 z - a potion of mutation {unknown}


   Skills:
 + Level 1.3 Fighting
 - Level 1.1 Armour
 - Level 3.1 Dodging
 - Level 3.0 Stealth
 + Level 6.5 Spellcasting
 + Level 5.6 Conjurations
 - Level 1.1 Summonings
 - Level 1.1 Translocations
 - Level 1.2 Air Magic
 - Level 1.3 Poison Magic
 - Level 1.0 Evocations


You had 11 spell levels left.
You knew the following spells:

 Your Spells              Type           Power      Damage    Failure   Level
a - Magic Dart            Conj           100%       1d8       1%          1
b - Mephitic Cloud        Conj/Pois/Air  18%        N/A       3%          3
c - Call Imp              Summ           11%        N/A       3%          2
d - Blink                 Tloc           22%        N/A       3%          2

Your spell library contained the following spells:

 Spells                   Type           Power      Damage    Failure   Level
 Slow                     Hex            24%        N/A       4%          1
 Cigotuvi's Dreadful Rot  Necr/Pois/Air  20%        N/A       4%          2
 Iskenderun's Battlesphe  Conj           30%        2d8       11%         5
 Iron Shot                Conj/Erth      9%         9d3       85%         6
 Spellforged Servitor     Conj/Summ      10%        N/A       100%        7


Dungeon Overview and Level Annotations

Branches:
Dungeon (5/15)            Ossuary (1/1)
 Temple: D:4-7

Altars:
Dithmenos
Kikubaaqudgha
Yredelemnul
The Shining One

Annotations:
D:3 Grinder


Message History

Aiming: Magic Dart (safe; 1% risk of failure)
Press: ? - help, Shift-Dir - straight line, f - water moccasin zombie
Aim: a water moccasin zombie (heavily damaged, not watching you, ally target, 100% to hit)
The magic dart hits the water moccasin zombie.
The water moccasin zombie is heavily damaged.
Your shadow imp hits the water moccasin zombie.
Casting: Magic Dart (safe; 1% risk of failure)
Confirm with . or Enter, or press ? or * to list all spells.
Aiming: Magic Dart (safe; 1% risk of failure)
Press: ? - help, Shift-Dir - straight line, f/p - water moccasin zombie
Aim: a water moccasin zombie (severely damaged, ally target, 100% to hit)
The magic dart hits the water moccasin zombie.
The water moccasin zombie is severely damaged.
Your shadow imp hits the water moccasin zombie.
Unknown command.
You hit the water moccasin zombie. You burn the water moccasin zombie.
The water moccasin zombie is almost destroyed.
The water moccasin zombie bites you.
* * * LOW HITPOINT WARNING * * *
Your shadow imp hits the water moccasin zombie.
The water moccasin zombie bites you.
* * * LOW HITPOINT WARNING * * *
You barely miss the water moccasin zombie.
The water moccasin zombie is almost destroyed.
You hit the bullfrog zombie. You burn the bullfrog zombie.
The bullfrog zombie completely misses you.
Your shadow imp closely misses the water moccasin zombie.
The water moccasin zombie misses you.
The bullfrog zombie hits you but does no damage.
Your shadow imp hits the water moccasin zombie.
Unknown command.
You barely miss the water moccasin zombie.
The water moccasin zombie is almost destroyed.
You barely miss the bullfrog zombie. The water moccasin zombie bites you.
* * * LOW HITPOINT WARNING * * *
The bullfrog zombie completely misses you.
The water moccasin zombie barely misses you.
Your shadow imp hits the water moccasin zombie.
The bullfrog zombie hits you.
You die...

##+ '.
###.#####
#.'.#5..#
#.'.Z@#
+.#.Z∩#
#.#####
.. #~.
M.. ~M~.
~..~


You could see a water moccasin zombie (ally target), a bullfrog zombie and a
friendly shadow imp (summoned).

Vanquished Creatures
  Sigmund (D:3)
  An ogre (D:4)
  A killer bee (D:4)
  An iguana (D:4)
  2 orc wizards (D:4)
  2 mummies (Ossuary)
  2 adders
  3 worms
  A dart slug (D:3)
  6 orcs
  4 ball pythons
  2 bats
  14 endoplasms
  6 giant cockroaches
  9 goblins
  9 hobgoblins
  6 kobolds
  3 quokkas
  3 frilled lizards
  6 rats
82 creatures vanquished.

Vanquished Creatures (collateral kills)
  A water moccasin zombie (Ossuary)
  A mummy (Ossuary)
  A kobold (D:3)
3 creatures vanquished.

Vanquished Creatures (others)
  4 fungi (D:3)
  27 plants
  2 withered plants (Ossuary)
33 creatures vanquished.

Grand Total: 118 creatures vanquished

Notes
Turn   | Place    | Note
-------+----------+-------------------------------------------
     0 | D:1      | pokeman the Deep Elf Hedge Wizard began the quest for the
                  | Orb.
     0 | D:1      | Reached XP level 1. HP: 10/10 MP: 7/7
     7 | D:1      | You fall into a shaft and drop 1 floor!
   266 | D:1      | Reached XP level 2. HP: 5/16 MP: 1/9
   841 | D:1      | Reached skill level 5 in Spellcasting
  1336 | D:2      | Reached XP level 3. HP: 20/20 MP: 7/11
  1340 | D:2      | Learned a level 3 spell: Mephitic Cloud
  1343 | D:2      | Learned a level 2 spell: Call Imp
  1346 | D:2      | Learned a level 2 spell: Blink
  1676 | D:2      | Reached skill level 1 in Fighting
  1815 | D:2      | Reached skill level 1 in Armour
  2848 | D:3      | Found a shadowy altar of Dithmenos.
  2878 | D:3      | Reached XP level 4. HP: 14/25 MP: 2/13
  3031 | D:3      | Found an ancient bone altar of Kikubaaqudgha.
  3122 | D:3      | Found a faded altar of an unknown god.
  3160 | D:3      | Noticed Grinder
  3160 | D:3      | Paralysed by Grinder for 5 turns
  3442 | D:3      | Noticed Sigmund
  3461 | D:3      | Killed Sigmund
  3462 | D:3      | Reached XP level 5. HP: 20/29 MP: 8/15
  3842 | D:3      | Paralysed by Grinder for 3 turns
  3850 | D:3      | Paralysed by Grinder for 5 turns
  4115 | D:3      | Paralysed by Grinder for 5 turns
  4327 | D:4      | Found a basalt altar of Yredelemnul.
  4343 | D:4      | Reached skill level 5 in Conjurations
  4343 | D:4      | Reached XP level 6. HP: 9/34 MP: 4/16
  4682 | D:4      | Found a glowing golden altar of the Shining One.
  4782 | D:4      | Reached skill level 6 in Spellcasting
  4996 | D:4      | Reached skill level 1 in Air Magic
  4996 | D:4      | Reached skill level 1 in Poison Magic
  5322 | D:5      | Entered Level 5 of the Dungeon
  5322 | D:5      | Found a sand-covered staircase.
  5327 | Ossuary  | Entered an ossuary
  5353 | Ossuary  | Reached XP level 7. HP: 28/38 MP: 15/18
  5366 | Ossuary  | Reached skill level 1 in Evocations
  5370 | Ossuary  | Slain by a bullfrog zombie

Illustrated notes

Levels and vault maps discovered:
D:1:      erik_arrival_orb_chamber, layout_basic, solitary_fountain
D:2:      layout_basic
D:3:      layout_loops_ring, marbit_many_paths, mainiacjoe_overflow_boulevard,
          shapermc_ecumenical_altar_mp_urbaneastern, uniq_sigmund, uniq_grinder
D:4:      layout_basic, kennysheep_little_box, serial_bayou_lagoon_a,
          minmay_ruined_shrine
D:5:      layout_loops_ring, nicolae_ossuary_entry_monument
Ossuary:  ossuary_zaba_flooded

Skill      XL: |  1  2  3  4  5  6  7 |
---------------+----------------------+-----
Spellcasting   | 5 6 |  6.5
Fighting       | 1 |  1.3
Armour         | 1 |  1.1
Conjurations   | 2 4 5 |  5.6
Dodging        | 3 |  3.1
Stealth        | 3 |  3.0
Air Magic      | 1 |  1.2
Poison Magic   | 1 |  1.3
Evocations     | 1 |  1.0
Summonings     | |  1.1
Translocations | |  1.1

Action                   |  1- 3 |  4- 6 |  7- 9 || total
-------------------------+-------+-------+-------++-------
Melee: Dagger            |    28 |    32 |       ||    60
       Hand axe          |       |    18 |    11 ||    29
       Punch             |       |     1 |     1 ||     2
 Cast: Magic Dart        |   124 |    79 |     5 ||   208
       Mephitic Cloud    |     4 |     8 |       ||    12
       Call Imp          |       |     7 |       ||     7
       Blink             |       |     1 |       ||     1
 Stab: Confused          |     7 |     4 |       ||    11
Armor: Robe              |     5 |     7 |     3 ||    15
Dodge: Dodged            |    15 |    13 |     5 ||    33

Table legend: (Time is in decaauts)
 A = Elapsed time spent in this place.
 B = Non-inter-level travel time spent in this place.
 C = Inter-level travel time spent in this place.
 D = Time resting spent in this place.
 E = Time spent auto-exploring this place.
 F = Levels seen in this place.
 G = Mean time per level.
                   A        B        C        D        E       F      G
               +--------+--------+--------+--------+--------+-----+--------+
         Total |   5383 |   5150 |    233 |    389 |   4041 |   6 |  897.2 |
       Dungeon |   5333 |   5100 |    233 |    389 |   4039 |   5 | 1066.6 |
       Ossuary |     50 |     50 |      0 |      0 |      2 |   1 |   50.0 |
               +--------+--------+--------+--------+--------+-----+--------+

Top non-repeatable levels by time:
     D:2: 1673 daAuts
     D:3: 1376 daAuts
     D:4: 1147 daAuts
     D:1: 1130 daAuts
 Ossuary: 50 daAuts
     D:5: 4 daAuts
